 Dungeon Sprint DCSS version 0.24-a0-244-ga6a6ab7 (webtiles) character file.

Game seed: 875253142826986555

2083 MikeHunt the Unseen (level 9, -9/88 HPs)
             Began as a Naga Assassin on Apr 11, 2019.
             Was an Elder of Dithmenos.
             Killed by drain life
             ... invoked by a soul eater
             ... summoned by an orc high priest
              (17 damage)
             ... in the Dungeon (Sprint III: "The Ten Rune Challenge").
             The game lasted 00:06:29 (1349 turns).

MikeHunt the Unseen (Naga Assassin)                 Turns: 1349, Time: 00:06:30

Health: -9/88      AC:  5    Str: 13    XL:     9   Next: 27%
Magic:  13/13      EV: 14    Int: 12    God:    Dithmenos [****..]
Gold:   61         SH:  0    Dex: 16    Spells: 8/8 levels left

rFire    . . .     SeeInvis +   a - +2 dagger
rCold    . . .     Gourm    .   (no shield)
rNeg     . . .     Faith    .   c - +0 robe
rPois    +         Spirit   .   (no helmet)
rElec    .         Reflect  .   u - +0 cloak
rCorr    .         Harm     .   (no gloves)
MR       +....     NoTele   +   (no barding)
Stlth    ++++++++++             (no amulet)
HPRegen  0.24/turn              (no ring)
MPRegen  0.13/turn              (no ring)

@: short of breath, wreathed by umbra, very slow
A: large, see invisible, deformed body, poison resistance, slowness 2, slow
metabolism 1, spit poison 1, AC +3
a: Spit Poison, Shadow Step, Renounce Religion


You were in the Dungeon.
You worshipped Dithmenos.
Dithmenos was greatly pleased with you.
You were hungry.

You visited 1 branch You collected 61 gold pieces.

Inventory:

Hand Weapons
 a - a +2 dagger (weapon)
 b - a +0 blowgun
 v - a +0 long sword of holy wrath
Missiles
 e - a poisoned needle
Armour
 c - a +0 robe (worn)
 d - a +0 cloak
 u - a +0 cloak (worn)
Scrolls
 m - a scroll of blinking
 o - 2 scrolls of immolation {unknown}
 p - 2 scrolls of identify {unknown}
 q - 3 scrolls of remove curse
Potions
 h - 2 potions of curing
 j - a potion of haste
 k - 2 potions of magic
 n - 4 potions of mutation {unknown}
 r - 3 potions of flight
 t - a potion of might
Comestibles
 g - 4 rations


   Skills:
 - Level 8.1 Fighting
 - Level 10.5 Short Blades
 + Level 1.7 Throwing
 - Level 6.5 Dodging
 - Level 18.9 Stealth
 - Level 5.5 Invocations


You had 8 spell levels left.
You didn't know any spells.
Your spell library contained the following spells:

 Spells                   Type           Power        Failure   Level  Hunger
 Corpse Rot               Necr           N/A          45%         2    ###....
 Stone Arrow              Conj/Erth      #.....       69%         3    ####...
 Leda's Liquefaction      Hex/Erth       #.........   97%         4    #####..
 Summon Forest            Summ/Tloc      #.........   100%        5    ######.
 Hydra Form               Tmut           #.........   100%        6    #######
 Summon Hydra             Summ           #.........   100%        7    #######


Dungeon Overview and Level Annotations

Branches:
Dungeon (1/1)

Altars:
Cheibriados
Dithmenos
Elyvilon
Fedhas
Gozag
Hepliaklqana
Kikubaaqudgha
Makhleb
Nemelex Xobeh
Okawaru
Qazlal
Ru
Sif Muna
Trog
Uskayaw
Vehumet
Wu Jian
Xom
Yredelemnul
Zin
The Shining One
Beogh
Jiyva
Lugonu


Innate Abilities, Weirdness & Mutations

You cannot wear boots.
Your serpentine skin is tough. (AC +3)
You have supernaturally acute eyesight. (SInv)
Armour fits poorly on your strangely shaped body.
Your system is resistant to poisons. (rPois)
You cover ground very slowly.
You have a slow metabolism.
You can spit poison.


Message History

The orange demon barely misses you. The orc high priest misses you.
The soul eater barely misses you.
Okay, then.
Unknown command.
Aiming: Shadow Step
Press: ? - help, Dir - move target cursor, p - orc high priest There isn't a shadow there.
Okay, then.
Unknown command.
You hit the orc high priest.
The orc high priest is almost dead.
The orange demon misses you. The chaos spawn hits you.
* * * LOW HITPOINT WARNING * * *
Okay, then.
Unknown command.
You hit the orc high priest.
The orc high priest is almost dead.
The orc high priest closely misses you.
The soul eater draws from the surrounding life force!
You die...

▓ ▓▓▓ ▓▓▓ ####
##.############$$##
...#####..#___#___#__#$#$####$
....#..#..#...#__)#._#...o.o.o
#...#..#..###'#4###'##.ooooooo
##..##'#..#....4..)).#oooo.ooo
##..###..)+.⌠..o@3.).#.#
#..####...#...######'#o#
#..###.)..#.⌠.#v_#...#'#####
...##..)..#...#__#..o#o.§≈≈+
...#...[..#'###__#...#.#§≈≈#
.##)#...v.#.))#__#...o.#§§§# .
####....#___#__+...#.#.÷§# ▓
▓▓▓▓▓▓▓▓▓▓▓▓▓▓▓▓▓▓▓▓▓▓▓


You could see a soul eater, an orc high priest, an orange demon and a chaos
spawn.

Vanquished Creatures
  Snorg (D)
  A deep elf mage (D)
  A shadow (D)
  An orc warrior (D)
  A necrophage (D)
  A water elemental (D)
  An orc priest (D)
  A jelly (D)
  3 orc wizards (D)
  A wizard (D)
  A necromancer (D)
  3 humans (D)
  A kobold demonologist (D)
  A wolf (D)
  An ooze (D)
  5 orcs (D)
  3 rats (D)
27 creatures vanquished.

Vanquished Creatures (others)
  2 draconian scorchers (D)
  6 hellions (D)
  A yaktaur (D)
9 creatures vanquished.

Grand Total: 36 creatures vanquished

Notes
Turn   | Place    | Note
-------+----------+-------------------------------------------
     0 | D        | MikeHunt the Naga Assassin began the quest for the Orb.
     0 | D        | Reached XP level 1. HP: 19/19 MP: 1/1
    16 | D        | Reached skill level 6 in Stealth
    19 | D        | Reached skill level 7 in Stealth
   115 | D        | Killed a hellion
   156 | D        | Killed a hellion
   156 | D        | Killed a white draconian scorcher
   156 | D        | Killed a hellion
   157 | D        | Killed a hellion
   229 | D        | Killed a hellion
   235 | D        | Reached XP level 2. HP: 26/26 MP: 2/2
   247 | D        | Reached skill level 8 in Stealth
   335 | D        | Killed a hellion
   451 | D        | Killed a yaktaur
   459 | D        | Killed a white draconian scorcher
   514 | D        | Reached skill level 5 in Short Blades
   514 | D        | Reached skill level 9 in Stealth
   514 | D        | Reached XP level 3. HP: 29/32 MP: 3/3
   544 | D        | Noticed a water elemental
   546 | D        | Killed a water elemental
   546 | D        | Reached skill level 11 in Stealth
   546 | D        | Reached XP level 4. HP: 39/39 MP: 4/4
   554 | D        | Found a basalt altar of Yredelemnul.
   554 | D        | Found a shadowy altar of Dithmenos.
   554 | D        | Found a sacrificial altar of Ru.
   554 | D        | Noticed a necrophage
   556 | D        | Killed a necrophage
   556 | D        | Reached skill level 13 in Stealth
   556 | D        | Reached XP level 5. HP: 45/45 MP: 5/5
   562 | D        | Became a worshipper of Dithmenos the Shadowed
   568 | D        | Found a hide-covered altar of Uskayaw.
   568 | D        | Found an iron altar of Okawaru.
   569 | D        | Found a roughly hewn altar of Beogh.
   569 | D        | Found a bloodstained altar of Trog.
   569 | D        | Found an ornate altar of the Wu Jian Council.
   569 | D        | Noticed a human
   569 | D        | Noticed a human
   571 | D        | Killed a human
   571 | D        | Reached skill level 15 in Stealth
   571 | D        | Reached XP level 6. HP: 52/52 MP: 6/6
   572 | D        | Killed a human
   572 | D        | Reached skill level 10 in Short Blades
   572 | D        | Reached skill level 16 in Stealth
   572 | D        | Reached XP level 7. HP: 60/60 MP: 7/7
   594 | D        | Found a glowing silver altar of Zin.
   594 | D        | Found a glowing golden altar of the Shining One.
   594 | D        | Found a white marble altar of Elyvilon.
   594 | D        | Noticed a deep elf mage
   610 | D        | Killed a deep elf mage
   610 | D        | Reached * piety under Dithmenos
   610 | D        | Reached skill level 5 in Fighting
   610 | D        | Reached skill level 17 in Stealth
   610 | D        | Reached XP level 8. HP: 11/74 MP: 8/8
   908 | D        | Found a radiant altar of Vehumet.
   909 | D        | Found a deep blue altar of Sif Muna.
   909 | D        | Found an ancient bone altar of Kikubaaqudgha.
   928 | D        | Noticed a shadow
   930 | D        | Killed a shadow
   930 | D        | Reached ** piety under Dithmenos
   944 | D        | Found a blossoming altar of Fedhas.
   944 | D        | Found a stormy altar of Qazlal.
   945 | D        | Found a snail-covered altar of Cheibriados.
   945 | D        | Found a burning altar of Makhleb.
   945 | D        | Found a hazy altar of Hepliaklqana.
   945 | D        | Found a shimmering altar of Xom.
   945 | D        | Found an opulent altar of Gozag.
   945 | D        | Found a sparkling altar of Nemelex Xobeh.
   945 | D        | Found a corrupted altar of Lugonu.
   945 | D        | Found a viscous altar of Jiyva.
   958 | D        | Noticed Snorg
   960 | D        | Killed Snorg
   960 | D        | Reached skill level 18 in Stealth
   960 | D        | Reached XP level 9. HP: 79/88 MP: 8/12
   972 | D        | Noticed an orc high priest
   997 | D        | Reached *** piety under Dithmenos
   997 | D        | Reached skill level 5 in Invocations
  1044 | D        | Reached **** piety under Dithmenos
  1340 | D        | Noticed an orange demon
  1342 | D        | Noticed a soul eater
  1349 | D        | Killed from afar by a soul eater

Levels and vault maps discovered:
D:        dungeon_sprint_mu [sprint_mu_entry_cave, sprint_mu_temple_rooms,
          sprint_mu_d1_horrors, sprint_mu_d2_genie, sprint_mu_d3_branching,
          sprint_mu_orc_legion, sprint_mu_elf_gauntlet, sprint_mu_hive_nellie,
          sprint_mu_lair_fedhas, sprint_mu_vaults_butterflies,
          sprint_mu_slime_circle, sprint_mu_shoals_kraken,
          sprint_mu_snake_twists, sprint_mu_blade_basic,
          sprint_mu_crypt_fortress, sprint_mu_tomb_spiral,
          sprint_mu_vestibule_basic, sprint_mu_gehenna_hellfire,
          sprint_mu_dis_giant, sprint_mu_tartarus_statrot,
          sprint_mu_cocytus_islands, sprint_mu_zot1]

Skill      XL: |  1  2  3  4  5  6  7  8  9 |
---------------+----------------------------+-----
Short Blades   | 3 5 6 8 9 10 | 10.5
Stealth        | 7 9 11 13 15 16 17 18 | 18.9
Fighting       | 5 7 8 |  8.1
Dodging        | 4 6 |  6.5
Invocations    | 4 5 |  5.5
Throwing       | |  1.7

Action                   |  1- 3 |  4- 6 |  7- 9 || total
-------------------------+-------+-------+-------++-------
Melee: Dagger            |    14 |     4 |   103 ||   121
 Fire: Blowgun           |     2 |       |    10 ||    12
Invok: Shadow Step       |       |       |     1 ||     1
 Abil: Spit Poison       |     2 |       |     6 ||     8
  Use: Potion            |       |       |     4 ||     4
 Stab: Sleeping          |     3 |     4 |     4 ||    11
Armor: Robe              |     2 |       |     9 ||    11
Dodge: Dodged            |     9 |       |    61 ||    70

Table legend:
 A = Non-vault XP
 B = Vault XP
 C = Vault XP percentage of total XP
 D = Non-vault monster count
 E = Vault monster count
 F = Vault count percentage of total count
                 A         B        C        D         E       F
            +---------+---------+-------+---------+---------+-------
      Total |       0 |    2976 | 100.0 |       0 |      27 | 100.0
            +---------+---------+-------+---------+---------+-------
          D |       0 |    2976 | 100.0 |       0 |      27 | 100.0
            +---------+---------+-------+---------+---------+-------
